 Dungeon Crawl Stone Soup version 0.22-a0-305-gd21a89c (webtiles) character file.

86 Borgoz the Skirmisher (level 4, -4/40 HPs)
             Began as a Hill Orc Abyssal Knight on Mar 31, 2018.
             Was a Believer of Lugonu.
             Killed from afar by Sigmund (7 damage)
             ... with a puff of flame
             ... on level 2 of the Dungeon.
             The game lasted 00:02:50 (1533 turns).

Borgoz the Skirmisher (Hill Orc Abyssal Knight)     Turns: 1533, Time: 00:02:51

Health: -4/40      AC:  9    Str: 14    XL:     4   Next: 49%
Magic:  6/6        EV:  6    Int: 12    God:    Lugonu [**....]
Gold:   11         SH:  0    Dex: 11    Spells: 3/3 levels left

rFire    . . .     SeeInvis .   a - +1 hand axe
rCold    . . .     Gourm    .   (no shield)
rNeg     + . .     Faith    .   f - +0 chain mail {rN+}
rPois    .         Spirit   .   (no helmet)
rElec    .         Reflect  .   (no cloak)
rCorr    .         Harm     .   (no gloves)
MR       .....                  (no boots)
Stlth    ..........             (no amulet)
HPRegen  0.13/turn              (no ring)
MPRegen  0.10/turn              (no ring)

@: no status effects
A: no striking features
a: Depart the Abyss, Bend Space, Renounce Religion


You were on level 2 of the Dungeon.
You worshipped Lugonu.
Lugonu was pleased with you.
You were not hungry.

You visited 1 branch of the dungeon, and saw 2 of its levels.
You visited the Abyss 1 time.

You collected 11 gold pieces.

Inventory:

Hand Weapons
 a - a +1 hand axe (weapon)
Armour
 f - a +0 chain mail of positive energy (worn)
Scrolls
 d - a scroll of amnesia {unknown}
 i - a scroll of teleportation {unknown}
 k - a scroll of enchant weapon {unknown}
Potions
 h - a potion of cancellation
Comestibles
 c - 5 rations


   Skills:
 + Level 4.2 Fighting
 + Level 3.5 Axes
 + Level 2.9 Armour
 + Level 1.6 Dodging
 + Level 3.4 Invocations


You had 3 spell levels left.
You didn't know any spells.

Dungeon Overview and Level Annotations

Branches:
Dungeon (2/15)

Altars:

Annotations:
D:2 Sigmund


Message History

You miss something. Something hits you but does no damage.
You hit something. Something hits you.
* * * LOW HITPOINT WARNING * * *
You barely miss something. You miss something. Something hits you.
* * * LOW HITPOINT WARNING * * *
You closely miss something. Something hits you.
* * * LOW HITPOINT WARNING * * *
You closely miss something. Something hits you.
* * * LOW HITPOINT WARNING * * *
You hit something. You closely miss something. Something hits you.
* * * LOW HITPOINT WARNING * * *
Your chain mail prevents you from hitting something.
Something hits you but does no damage.
You miss something.
You hear some strange, mumbled words.
A puff of flame appears from out of thin air!
The puff of flame hits you!
You die...

#...# #. . #...# .##.
#...# .... #...######
### ..# #........# #..
... # #....###.###.#
#.#.# ..
...........#.###{#.#....
...........#.##.@.......
...........#.##..#.#....
#).......###.##.##.# .
#..รท####...........#
#...# ########.####
#...# #.# #...# #..
#...###### #..#
.........# #..#


There were no monsters in sight!

Vanquished Creatures
  3 adders (D:2)
  A worm (D:2)
  A dart slug (D:2)
  2 leopard geckos (D:2)
  A giant cockroach (D:1)
  7 goblins (D:1)
  6 hobgoblins
  7 jackals
  6 kobolds
  6 bats
  2 frilled lizards (D:1)
  6 rats
48 creatures vanquished.

Notes
Turn   | Place    | Note
-------+----------+-------------------------------------------
     0 | Abyss:1  | Borgoz the Hill Orc Abyssal Knight began the quest for the Orb.
     0 | Abyss:1  | Reached XP level 1. HP: 19/19 MP: 2/2
    25 | Abyss:1  | Noticed a small abomination
    26 | D:1      | Escaped the Abyss
   188 | D:1      | Reached skill level 1 in Dodging
   188 | D:1      | Reached XP level 2. HP: 27/27 MP: 3/3
   253 | D:1      | Reached * piety under Lugonu
   447 | D:1      | Reached XP level 3. HP: 16/33 MP: 5/5
   688 | D:1      | Reached skill level 4 in Fighting
  1235 | D:2      | Reached XP level 4. HP: 31/40 MP: 6/6
  1236 | D:2      | Reached ** piety under Lugonu
  1487 | D:2      | Noticed Sigmund
  1533 | D:2      | Killed from afar by Sigmund

Vault maps used:
D:1:      dpeg_arrival_boxes_within_box, minmay_misc_feat_plants, minivault_11
D:2:      uniq_sigmund
Abyss:1:  gammafunk_corrupted_shrine

Skill      XL: |  1  2  3 |
---------------+----------+-----
Dodging        | 1 |  1.6
Axes           | 3 |  3.5
Invocations    | 3 |  3.4
Fighting       | 4 |  4.2
Armour         | |  2.9

Action                   |  1- 3 |  4- 6 || total
-------------------------+-------+-------++-------
Melee: Hand axe          |   144 |    29 ||   173
Invok: Depart the Abyss  |     1 |       ||     1
  Use: Scroll            |       |     2 ||     2
       Potion            |       |     2 ||     2
  Eat: Chunk             |     1 |     1 ||     2
Armor: Leather armour    |    15 |       ||    15
       Chain mail        |    53 |    20 ||    73
       Skin              |       |    12 ||    12
Dodge: Dodged            |    78 |     6 ||    84

Table legend:
 A = Spawn XP
 B = Non-spawn XP
 C = Spawn XP percentage of total XP
 D = Spawn monster count
 E = Non-spawn monster count
 F = Spawn count percentage of total count
 G = Total turns spent on level
                    A         B        C        D         E        F      G
               +---------+---------+-------+---------+---------+-------+---------
         Total |       0 |     123 |   0.0 |       0 |      48 |   0.0 |  1533
               +---------+---------+-------+---------+---------+-------+---------
           D:1 |       0 |      51 |   0.0 |       0 |      31 |   0.0 |   907
           D:2 |       0 |      72 |   0.0 |       0 |      17 |   0.0 |   600
               +---------+---------+-------+---------+---------+-------+---------
